 Dungeon Crawl Stone Soup version 0.30-a0-1008-g30c9307041 (webtiles) character file.

Game seed: 5036240879335592431

174 bande the Covered (level 5, -1/33 HPs)
             Began as a Gargoyle Fighter on Apr 5, 2023.
             Slain by Pikel
             ... wielding a +2 whip of freezing
              (2 damage)
             ... on level 3 of the Dungeon.
             The game lasted 00:03:38 (2888 turns).

bande the Covered (Gargoyle Fighter)                Turns: 2888, Time: 00:03:39

Health: -1/33      AC: 11    Str: 20    XL:     5   Next: 54%
Magic:  5/5        EV:  9    Int:  8    God:
Gold:   75         SH:  4    Dex: 11    Spells: 4/4 levels left

rFire   . . .      SeeInvis .    a - +0 war axe
rCold   . . .      Faith    .    c - +0 buckler
rNeg    + . .      Spirit   .    b - +0 scale mail
rPois   ∞          Reflect  .    (no helmet)
rElec   +          Rampage  .    (no cloak)
rCorr   .                        (no gloves)
Will    .....                    (no boots) Stlth
                                 (no amulet)
HPRegen 0.25/turn                (no ring)
MPRegen 0.09/turn                (no ring)

@: no status effects
A: sickness immunity, AC +4, negative energy resistance 1, electricity
resistance, torment resistance 1, petrification resistance
a: no special abilities


You were on level 3 of the Dungeon.
You visited 1 branch of the dungeon, and saw 4 of its levels.

You collected 75 gold pieces.

Inventory:

Hand Weapons
 a - a +0 war axe (weapon)
Armour
 b - a +0 scale mail (worn)
 c - a +0 buckler (worn)
Jewellery
 h - a ring of fire
Scrolls
 e - a scroll of poison {unknown}
 g - a scroll of teleportation
 l - a scroll of immolation {unknown}
Potions
 d - a potion of might
 f - 2 potions of curing
 i - a potion of brilliance
 j - 3 potions of flight
 k - a potion of magic


   Skills:
 + Level 4.2 Fighting
 + Level 3.4 Axes
 + Level 4.4 Armour
 + Level 3.8 Shields


You had 4 spell levels left.
You didn't know any spells.
Your spell library contained the following spells:

 Spells                   Type           Power      Damage    Failure   Level
 Magic Dart               Conj           0%         1d3       83%         1
 Call Imp                 Summ           0%         N/A       93%         2
 Mephitic Cloud           Conj/Pois/Air  0%         N/A       99%         3


Dungeon Overview and Level Annotations

Branches:
Dungeon (4/15)
 Temple: D:4-7

Altars:

Annotations:
D:3 Pikel


Innate Abilities, Weirdness & Mutations

You are immune to sickness and miasma.
Your stone body is resilient. (AC +4)
You are immune to poison.
You resist negative energy. (rN+)
You are resistant to electric shocks. (rElec)
You are resistant to unholy torment.
You are immune to petrification.


Message History

Done waiting.
There is a stone staircase leading down here.
You climb downwards.
Level annotation: Pikel The lemure hits you but does no damage.
Pikel hits you with a +2 whip of freezing.
Pikel freezes you. Pikel closely misses you. The lemure closely misses you.
There is a stone staircase leading up here.
The lemure hits you.
Pikel hits you with a +2 whip of freezing.
Pikel freezes you.
You climb upwards.
There is a stone staircase leading down here.
Unknown command.
You barely miss Pikel. You hit the lemure but do no damage.
Pikel hits you with a +2 whip of freezing.
Pikel freezes you. The lemure hits you but does no damage.
You slash Pikel!
Pikel is moderately wounded.
You closely miss the lemure. Pikel barely misses you.
The lemure hits you but does no damage.
You hit Pikel.
Pikel is moderately wounded.
You hit the lemure.
Pikel hits you with a +2 whip of freezing.
Pikel freezes you. The lemure hits you!
Pikel hits you with a +2 whip of freezing.
Pikel freezes you.
* * * LOW HITPOINT WARNING * * *
The lemure hits you but does no damage.
You barely miss Pikel.
Pikel is moderately wounded.
You barely miss the lemure. You block Pikel's attack. The lemure misses you.
You closely miss Pikel.
Pikel is moderately wounded.
You hit the lemure. Pikel barely misses you. The lemure completely misses you.
Pikel hits you with a +2 whip of freezing!
* * * LOW HITPOINT WARNING * * *
Pikel freezes you.
You die...

#.....#######.####.###
#.......#####.# #....
#.............########
#.......##......#####.
#######.>.#.###.##....
###.#.#.........
##....#.#.....##
########.........#....#
#....5@.......#######.†
######.###..K.##.###
###
##..........#..##..###
##.
#...########..####...#
#.. ##### #..##
###.######.# #.##
#.....#..# ##.#
#####.....
###########(.# ##....
##.....#.....## #....#


You could see Pikel and a lemure.

Vanquished Creatures
  A water moccasin (D:3)
  A lemure (D:3)
  A gnoll (D:2)
  A worm (D:2)
  A dart slug (D:3)
  6 endoplasms
  2 giant cockroaches (D:3)
  7 hobgoblins
  5 quokkas
  6 ball pythons
  6 bats
  3 goblins
  5 kobolds
  9 rats
54 creatures vanquished.

Notes
Turn   | Place    | Note
-------+----------+-------------------------------------------
     0 | D:1      | bande the Gargoyle Fighter began the quest for the Orb.
     0 | D:1      | Reached XP level 1. HP: 14/14 MP: 1/1
   318 | D:1      | Found a faded altar of an unknown god.
   339 | D:1      | Reached XP level 2. HP: 2/19 MP: 2/2
   966 | D:2      | Reached XP level 3. HP: 23/23 MP: 3/3
  1749 | D:2      | Reached XP level 4. HP: 28/29 MP: 4/4
  2329 | D:4      | Noticed a lemure
  2329 | D:4      | Noticed a lemure
  2329 | D:4      | Noticed a water moccasin
  2330 | D:4      | Noticed Pikel
  2330 | D:4      | Noticed a lemure
  2331 | D:4      | Noticed a lemure
  2370 | D:3      | Killed a water moccasin
  2371 | D:3      | Reached XP level 5. HP: 10/33 MP: 5/5
  2674 | D:3      | Killed a lemure
  2888 | D:3      | HP: 1/33 [Pikel/+2 whip of freezing (9)]
  2888 | D:3      | Slain by Pikel

Illustrated notes

Levels and vault maps discovered:
D:1:      wander_arrival_abandoned_jail, layout_loops_ring,
          hellmonk_ecumenical_altar_leap_of_faith, minmay_misc_feat_doors
D:2:      layout_basic, minmay_tall_x
D:3:      layout_rooms
D:4:      mumra_celtic_spiral_tile, layout_loops_corners,
          kennysheep_slug_shrine, minmay_temple_entry_mini_moons,
          nicolae_grassy_gnolls, uniq_pikel

Skill      XL: |  1  2  3  4 |
---------------+-------------+-----
Axes           | 2 3 |  3.4
Fighting       | 4 |  4.2
Armour         | 4 |  4.4
Shields        | |  3.8

Action                     |  1- 3 |  4- 6 || total
---------------------------+-------+-------++-------
  Melee: War axe           |   161 |    57 ||   218
    Use: Scroll            |     6 |     4 ||    10
 Armour: Scale mail        |    89 |    36 ||   125
  Dodge: Dodged            |   106 |    40 ||   146
  Block: Buckler           |    45 |    16 ||    61

Table legend: (Time is in decaauts)
 A = Elapsed time spent in this place.
 B = Non-inter-level travel time spent in this place.
 C = Inter-level travel time spent in this place.
 D = Time resting spent in this place.
 E = Time spent auto-exploring this place.
 F = Levels seen in this place.
 G = Mean time per level.
                   A        B        C        D        E       F      G
               +--------+--------+--------+--------+--------+-----+--------+
         Total |   2981 |   2900 |     81 |    793 |   1553 |   4 |  745.2 |
       Dungeon |   2981 |   2900 |     81 |    793 |   1553 |   4 |  745.2 |
               +--------+--------+--------+--------+--------+-----+--------+

Top non-repeatable levels by time:
     D:2: 991 daAuts
     D:3: 984 daAuts
     D:1: 953 daAuts
     D:4: 53 daAuts
